 Dungeon Crawl Stone Soup version 0.22-a0-136-g83a10e5 (webtiles) character file.

85259 KristoblXynda the Carver (level 14, -9/126 HPs)
             Began as a Demigod Gladiator on Feb 2, 2018.
             Mangled by Agnes
             ... wielding a +0 lajatang of protection
              (35 damage)
             ... on level 1 of the Elven Halls.
             The game lasted 01:02:38 (28098 turns).

KristoblXynda the Carver (Demigod Gladiator)       Turns: 28098, Time: 01:02:40

Health: -9/126     AC: 16    Str: 19    XL:     14   Next: 98%
Magic:  0/33       EV: 16    Int: 16    God:
Gold:   517        SH: 12    Dex: 19    Spells: 18/21 levels left

rFire    + + .     SeeInvis .   h - +7 demon blade (drain)
rCold    + + .     Gourm    .   o - +0 shield
rNeg     . . .     Faith    .   t - +3 scale mail {rF+}
rPois    .         Spirit   +   (helmet restricted)
rElec    .         Reflect  .   H - scarf {rC+ rF+}
rCorr    .         Harm     .   y - +0 pair of gloves
MR       ++...                  w - +2 pair of boots of the Assassin {Detection Stab+ Stlth++}
Stlth    ++........             l - amulet of guardian spirit
HPRegen  0.31/turn              D - ring of protection from cold
MPRegen  0.23/turn              r - ring of magical power

@: about to teleport, very slightly contaminated
A: horns 1, high mp 1, magic resistance 1, robust 1
a: no special abilities


You were on level 1 of the Elven Halls.
You were not hungry.

You visited 4 branches of the dungeon, and saw 22 of its levels.

You collected 1949 gold pieces.
You spent 1432 gold pieces at shops.

Inventory:

Hand Weapons
 e - a +4 scimitar of flaming
 h - a +7 demon blade of draining (weapon)
Missiles
 m - 3 javelins of returning (quivered)
 n - 7 javelins
Armour
 o - a +0 shield (worn)
 t - a +3 scale mail of fire resistance (worn)
 w - the +2 pair of boots of the Assassin (worn) {Detection Stab+ Stlth++}
   (You acquired it on level 2 of the Orcish Mines)

   It makes you much more stealthy.
 y - a +0 pair of gloves (worn)
 z - the +1 cloak of Slovenliness {rC- Int+4 Dex+5}
   (You bought it in a shop on level 2 of the Orcish Mines)

   It affects your intelligence (+4).
   It affects your dexterity (+5).
   It makes you vulnerable to cold.
 H - a scarf of resistance (worn)
Jewellery
 l - an amulet of guardian spirit (around neck)
 r - a ring of magical power (right hand)
 D - a ring of protection from cold (left hand)
Wands
 p - a wand of digging (30)
 x - a wand of clouds (3)
 B - a wand of iceblast (9)
Scrolls
 a - 4 scrolls of enchant armour
 d - a scroll of teleportation
 g - a scroll of amnesia
 j - 2 scrolls of magic mapping
 k - a scroll of fear
 s - 7 scrolls of remove curse
 u - 5 scrolls of fog
 v - 5 scrolls of identify
 A - 3 scrolls of immolation
Potions
 b - 3 potions of brilliance
 i - 3 potions of curing
 q - a potion of flight
 K - a potion of ambrosia
 M - a potion of cancellation
 N - a potion of invisibility
Miscellaneous
 E - a box of beasts
Comestibles
 f - 19 rations


   Skills:
 - Level 8.1 Fighting
 + Level 13.1 Long Blades
 - Level 5.2 Throwing
 - Level 9.3 Armour
 + Level 10.1 Dodging
 + Level 8.3 Shields
 - Level 4.0 Spellcasting
 - Level 5.5 Conjurations
 - Level 5.4 Fire Magic
 - Level 9.2 Evocations


You had 18 spell levels left.
You knew the following spells:

 Your Spells              Type           Power        Failure   Level  Hunger
a - Conjure Flame         Conj/Fire      ###.....     30%         3    ###....


Dungeon Overview and Level Annotations

Branches:
Dungeon (15/15)            Temple (0/1) D:7            Lair (4/6) D:11
  Swamp (0/4) Lair:3          Orc (2/2) D:11            Elf (1/3) Orc:2
 Vaults (0/5) D:14         Depths (0/5) D:15
  Snake: Lair:2-4    Spider: Lair:2-4

Shops:
D:6 ?   Orc:2 [(*:

Annotations:
Lair:3 exclusion: 3 oklob plants
Elf:1 Agnes


Innate Abilities, Weirdness & Mutations

You have an increased reservoir of magic. (+10% MP)
You have a pair of small horns on your head.
You are resistant to hostile enchantments. (MR+)
You are robust. (+10% HP)


Message History

Agnes hits you with a lajatang of protection!!
* * * LOW HITPOINT WARNING * * *
Blink to where?
Press: ? - help, Dir - move target cursor, p - Agnes You are very lightly contaminated with residual magic.
As you read the scroll of blinking, it crumbles to dust.
A fire elemental comes into view.
Lightning arcs down from a storm cloud!
As you read the scroll of teleportation, it crumbles to dust.
You feel strangely unstable.
Okay, then.
You feel better. You block Agnes's attack.
You block the fire elemental's attack.
You feel better.
Agnes hits you with a lajatang of protection.
* * * LOW HITPOINT WARNING * * *
The fire elemental misses you.
Agnes is struck by lightning.
Agnes says, "You dishonour your ancestors."
Agnes hits you with a lajatang of protection!!!
You die...

### #.# #### #.# ##...##§#
.##.....#§########
#........§§§.......
#........#§#######.
####......i# #..
#........E@# ....
#.......§..# #......
#......§.### #........
.#.#.§.#######.........
.....§........#..........
.....#........#..........
.#.................#.#..##
.........................#
.#.................#.#..#


You could see Agnes and a fire elemental.

Vanquished Creatures
  A frost giant (D:15)
  An orc warlord (Orc:2)
  A deep elf annihilator (Elf:1)
  Azrael (Orc:2)
  Snorg (D:11)
  6 hydras
  A rakshasa (D:15)
  An ogre mage (D:14)
  2 centaur warriors (D:15)
  2 dancing weapons (Elf:1)
  7 two-headed ogres
  2 orc high priests (Orc:2)
  4 deep elf knights (Elf:1)
  5 skeletal warriors
  4 unseen horrors
  2 deep elf archers (Elf:1)
  The ghost of ThereIsNoGod the Gouger, a novice FeTm of Okawaru (D:11)
  Pikel (D:4)
  6 orc knights
  A wolf spider zombie (D:15)
  17 deep elf magi (Elf:1)
  6 orc sorcerers
  13 ugly things
  A manticore (D:13)
  4 cyclopes
  5 elephants (Lair:3)
  2 black mambas
  3 centaur skeletons
  3 spiny frogs
  5 komodo dragons
  A kobold demonologist (D:11)
  A yaktaur (D:15)
  A rime drake (Lair:3)
  A meliai (shapeshifter) (D:14)
  10 trolls
  A queen bee (shapeshifter) (D:14)
  3 meliai (D:15)
  A hornet (D:7)
  Grinder (D:3)
  5 hippogriffs
  5 slime creatures
  Sigmund (D:4)
  3 wraiths
  A shadow (D:12)
  2 water elementals (Elf:1)
  2 wyverns
  51 yaks
  A spriggan (D:12)
  A fire elemental (Orc:2)
  Eustachio (D:4)
  2 hungry ghosts
  3 wargs (Orc:1)
  2 soldier ants (D:11)
  4 vampire mosquitoes (D:15)
  Edmund (D:5)
  3 hell hounds (Orc:2)
  5 porcupines
  Duvessa (D:4)
  A water moccasin (Lair:1)
  25 orc warriors
  4 sky beasts
  A swamp drake (D:11)
  A black bear (D:9)
  2 phantoms
  3 eyes of draining
  2 hornet zombies
  5 ice beasts
  13 ogres
  4 wolves (Lair:3)
  15 centaurs
  11 crocodiles
  6 big kobolds
  15 bullfrogs
  Blork the orc (D:4)
  A gnoll sergeant (D:6)
  2 earth elementals (Elf:1)
  Dowan (D:4)
  A wyvern skeleton (D:9)
  6 scorpions
  A scorpion (shapeshifter) (D:13)
  18 killer bees
  13 wights
  3 howler monkeys
  An electric eel (Lair:3)
  9 crimson imps
  4 centaur zombies
  A bullfrog zombie (D:10)
  3 quasits
  6 jellies
  14 orc priests
  2 bullfrog skeletons
  8 hounds
  20 orc wizards
  5 worker ants
  7 iguanas
  A killer bee zombie (D:9)
  3 hound skeletons
  2 mummies (D:15)
  Robin (D:4)
  2 worker ant zombies
  A howler monkey zombie (D:10)
  5 gnolls
  9 adders
  2 shadow imps
  An adder zombie (D:5)
  2 adder skeletons
  A dart slug (D:1)
  11 leopard geckos
  75 orcs
  5 giant cockroaches
  10 goblins
  10 hobgoblins
  10 jackals
  20 kobolds
  4 quokkas
  A ball python (D:2)
  7 bats
  8 frilled lizards
  A jackal zombie (D:6)
  A leopard gecko zombie (D:8)
  A quokka skeleton (D:5)
  6 rats
658 creatures vanquished.

Vanquished Creatures (others)
  A deep elf mage (Elf:1)
  A bullfrog skeleton (D:4)
  3 fungi (Lair:3)
  4 plants (Lair:3)
  5 withered plants (D:15)
14 creatures vanquished.

Grand Total: 672 creatures vanquished

Notes
Turn   | Place    | Note
-------+----------+-------------------------------------------
     0 | D:1      | KristoblXynda the Demigod Gladiator began the quest for the Orb.
     0 | D:1      | Reached XP level 1. HP: 17/17 MP: 3/3
    95 | D:1      | Reached skill level 3 in Long Blades
    95 | D:1      | Reached XP level 2. HP: 18/24 MP: 4/4
   678 | D:1      | Reached XP level 3. HP: 21/29 MP: 5/5
  1348 | D:2      | Reached skill level 1 in Armour
  1565 | D:3      | Reached XP level 4. HP: 33/36 MP: 6/6
  1950 | D:3      | Noticed Grinder
  1951 | D:3      | Paralysed by Grinder for 3 turns
  1960 | D:3      | Killed Grinder
  1960 | D:3      | Reached skill level 4 in Long Blades
  1960 | D:3      | Reached XP level 5. HP: 41/41 MP: 7/7
  2319 | D:4      | Reached XP level 6. HP: 39/48 MP: 5/8
  2401 | D:4      | Reached skill level 5 in Long Blades
  2587 | D:4      | Noticed Robin
  2600 | D:4      | Killed Robin
  2759 | D:4      | Noticed Blork the orc
  2766 | D:4      | Killed Blork the orc
  2785 | D:4      | Noticed Sigmund
  2785 | D:4      | Noticed Eustachio
  2833 | D:4      | Killed Sigmund
  2833 | D:4      | Reached XP level 7. HP: 17/53 MP: 4/9
  2852 | D:4      | HP: 1/53 [river rat[Eustachio] (3)]
  2854 | D:4      | Killed Eustachio
  2854 | D:4      | Reached skill level 6 in Long Blades
  3466 | D:4      | Reached skill level 5 in Dodging
  3618 | D:4      | Noticed Duvessa
  3618 | D:4      | Noticed Dowan
  3630 | D:4      | Killed Duvessa
  3647 | D:4      | Killed Dowan
  3729 | D:4      | Noticed Pikel
  3754 | D:4      | Killed Pikel
  3754 | D:4      | Reached skill level 7 in Long Blades
  3754 | D:4      | Reached XP level 8. HP: 23/60 MP: 4/10
  4082 | D:5      | Entered Level 5 of the Dungeon
  4959 | D:5      | Found an ancient bone altar of Kikubaaqudgha.
  4994 | D:5      | Reached skill level 8 in Long Blades
  5003 | D:5      | Noticed Edmund
  5014 | D:5      | Killed Edmund
  5014 | D:5      | Reached skill level 5 in Armour
  6062 | D:6      | Reached XP level 9. HP: 22/67 MP: 4/11
  6812 | D:6      | Found Alisaeg's Magic Scroll Shop.
  6816 | D:6      | Bought a scroll of magic mapping for 45 gold pieces
  7156 | D:6      | Reached skill level 9 in Long Blades
  7284 | D:7      | Found a shattered altar of Ashenzari.
  7832 | D:7      | Found a staircase to the Ecumenical Temple.
  7884 | D:7      | Noticed a two-headed ogre
  8032 | D:7      | Killed a two-headed ogre
  8412 | D:7      | Paralysed by a hornet for 2 turns
  8418 | D:7      | Paralysed by a hornet for 3 turns
  8665 | D:8      | Noticed a two-headed ogre
  8668 | D:8      | Reached XP level 10. HP: 44/78 MP: 5/13
  9304 | D:8      | Killed a two-headed ogre
  9304 | D:8      | Reached skill level 10 in Long Blades
 11375 | D:10     | Entered Level 10 of the Dungeon
 11409 | D:10     | Noticed a cyclops
 11447 | D:10     | Killed a cyclops
 11447 | D:10     | Reached skill level 5 in Fighting
 11550 | D:10     | Reached skill level 1 in Evocations
 11624 | D:10     | Reached XP level 11. HP: 78/86 MP: 12/15
 12345 | D:11     | Reached skill level 5 in Throwing
 12398 | D:11     | Found a staircase to the Orcish Mines.
 12444 | D:11     | Noticed a sixfirhy
 12490 | D:11     | Reached skill level 11 in Long Blades
 12534 | D:11     | Noticed ThereIsNoGod's ghost (novice FeTm)
 12567 | D:11     | Noticed Snorg
 12603 | D:12     | Reached skill level 1 in Shields
 12642 | D:11     | Killed Snorg
 13005 | D:11     | Noticed a two-headed ogre
 13190 | D:11     | Killed a two-headed ogre
 13494 | D:11     | Killed ThereIsNoGod's ghost
 13648 | D:11     | Found a staircase to the Lair.
 14573 | D:13     | Reached skill level 5 in Evocations
 14573 | D:13     | Reached XP level 12. HP: 94/94 MP: 19/19
 15696 | D:13     | Reached skill level 5 in Shields
 15813 | D:13     | Reached skill level 12 in Long Blades
 16013 | D:14     | Noticed a four-headed hydra
 16024 | D:14     | Killed a five-headed hydra
 16258 | D:14     | Noticed a five-headed hydra
 16266 | D:14     | Killed a six-headed hydra
 16298 | D:14     | Found a gate to the Vaults.
 16508 | Lair:1   | Entered Level 1 of the Lair of Beasts
 16527 | Lair:1   | Learned a level 3 spell: Conjure Flame
 16779 | Lair:1   | Reached skill level 1 in Spellcasting
 17689 | Lair:2   | Reached skill level 1 in Fire Magic
 17696 | Lair:2   | Noticed a seven-headed hydra
 17704 | Lair:2   | Killed an eight-headed hydra
 17704 | Lair:2   | Reached skill level 1 in Conjurations
 17704 | Lair:2   | Reached XP level 13. HP: 9/104 MP: 1/22
 18763 | Lair:3   | Found a dark tunnel.
 19137 | Lair:3   | Found a staircase to the Swamp.
 22719 | D:15     | Entered Level 15 of the Dungeon
 22853 | D:15     | Found a staircase to the Depths.
 22853 | D:15     | Noticed a frost giant
 22871 | D:15     | Killed a frost giant
 23420 | D:15     | Gained mutation: You have a pair of small horns on your head. [potion of mutation]
 23420 | D:15     | Gained mutation: You are resistant to hostile enchantments. (MR+) [potion of mutation]
 23420 | D:15     | Gained mutation: You are robust. (+10% HP) [potion of mutation]
 23487 | D:15     | Reached skill level 5 in Conjurations
 23487 | D:15     | Reached skill level 5 in Fire Magic
 23692 | D:15     | Reached XP level 14. HP: 83/125 MP: 24/24
 23928 | D:15     | Identified 3 scrolls of acquirement
 23972 | D:15     | Got a distressingly furry plate armour
 23983 | D:15     | Identified the +1 plate armour "Xasyafis" {Int+4} (You acquired it on level 15 of the Dungeon)
 24391 | D:15     | Found a shadowy altar of Dithmenos.
 24715 | Orc:1    | Entered Level 1 of the Orcish Mines
 25139 | Orc:2    | Entered Level 2 of the Orcish Mines
 25389 | Orc:1    | Found a roughly hewn altar of Beogh.
 25523 | Orc:2    | Found a staircase to the Elven Halls.
 25530 | Orc:2    | Found a roughly hewn altar of Beogh.
 25813 | Orc:2    | Noticed Azrael
 25831 | Orc:2    | Killed Azrael
 26212 | Orc:2    | Noticed an orc warlord
 26431 | Orc:2    | Killed an orc warlord
 26457 | Orc:2    | Found a roughly hewn altar of Beogh.
 26574 | Orc:2    | Found Zinyh's General Store.
 26594 | Orc:2    | Bought a scroll of acquirement for 780 gold pieces
 26594 | Orc:2    | Bought a wand of clouds (4) for 360 gold pieces
 26780 | Orc:2    | Found the +2 pair of boots of the Assassin {Detection Stab+ Stlth++}
 26802 | Orc:2    | Found Xyneqoi's Book Emporium.
 26873 | Orc:2    | Found Etwagag's Antique Weapon Emporium.
 26979 | Orc:2    | Found Hema's Antique Armour Emporium.
 26985 | Orc:2    | Bought a faintly glowing cloak for 247 gold pieces
 26996 | Orc:2    | Identified the +1 cloak of Slovenliness {rC- Int+4 Dex+5} (You bought it in a shop on level 2 of the Orcish Mines)
 27139 | Elf:1    | Entered Level 1 of the Elven Halls
 27809 | Elf:1    | Reached skill level 13 in Long Blades
 27817 | Elf:1    | Reached skill level 10 in Dodging
 28082 | Elf:1    | Noticed Agnes
 28098 | Elf:1    | Mangled by Agnes

Vault maps used:
D:1:      lightli_arrival_windingriver, hangedman_feature_mirror
D:2:      first_ration
D:3:      grunt_ministairs_15, uniq_grinder
D:4:      uniq_sigmund, uniq_duvessa, uniq_robin, uniq_eustachio, uniq_pikel,
          uniq_blork_the_orc
D:5:      kiku_gazebo_garden_becter, uniq_edmund
D:6:      serial_shops, nicolae_shop_trees, kennysheep_generic_room_12
D:7:      minmay_temple_entry_butterflies, cheibrodos_ashenzari_chains
D:11:     lair_entry_dummy, erik_orc_1, uniq_snorg
D:12:     grunt_pizzeria
D:14:     david_vaults_2
D:15:     grunt_enter_depths_snipers, serial_undead, serial_undead_b,
          serial_undead_f, serial_undead_e, serial_undead_c,
          nicolae_dithmenos_the_darkroom
Lair:1:   grunt_megastairs_5
Lair:3:   swamp_mist_pool, enter_volcano_1, minmay_lair_oklob_chamber,
          grunt_megastairs_3, infiniplex_staircase_pool
Lair:4:   lemuel_reptile_caves, dummy_snake_entry
Orc:1:    basic_altar
Orc:2:    grunt_orc_cross, basic_altar, uniq_azrael
Elf:1:    minmay_elf_arrival_plus, evilmike_minifort, uniq_agnes, uniq_asterion

Skill      XL: |  1  2  3  4  5  6  7  8  9 10 11 12 13 14 |
---------------+-------------------------------------------+-----
Long Blades    | 3 4 5 7 8 9 10 11 12 13 | 13.1
Throwing       | 2 4 5 |  5.2
Dodging        | 3 4 5 6 7 8 10 | 10.1
Armour         | 1 2 3 4 5 6 7 8 9 |  9.3
Fighting       | 3 5 6 7 8 |  8.1
Evocations     | 1 5 7 9 |  9.2
Shields        | 3 6 8 |  8.3
Spellcasting   | 1 4 |  4.0
Fire Magic     | 1 5 |  5.4
Conjurations   | 1 5 |  5.5

Action                   |  1- 3 |  4- 6 |  7- 9 | 10-12 | 13-15 || total
-------------------------+-------+-------+-------+-------+-------++-------
Melee: Long sword        |   114 |    99 |   509 |  1297 |   653 ||  2672
       Headbutt          |       |       |       |       |   199 ||   199
       Demon blade       |       |       |       |       |   555 ||   555
Throw: Throwing net      |     1 |       |     2 |       |     1 ||     4
       Javelin           |       |       |    11 |    12 |       ||    23
Evoke: Wand              |       |       |     6 |    22 |    27 ||    55
       Phantom mirror    |       |       |       |       |     1 ||     1
  Use: Scroll            |     2 |     3 |     5 |    20 |    14 ||    44
       Potion            |       |     5 |     4 |     2 |    12 ||    23
 Stab: Held in net/web   |     1 |       |       |       |     3 ||     4
       Sleeping          |     3 |       |       |     2 |     1 ||     6
       Invisible         |       |       |     4 |       |       ||     4
       Paralysed         |       |       |       |    29 |    80 ||   109
  Eat: Chunk             |     2 |     4 |    10 |    16 |     8 ||    40
       Ration            |       |       |     3 |     5 |     8 ||    16
Armor: Leather armour    |    14 |       |       |       |       ||    14
       Ring mail         |    16 |    48 |   172 |     9 |       ||   245
       Troll leather arm |       |       |       |   294 |   145 ||   439
       Scale mail        |       |       |       |       |   121 ||   121
Dodge: Dodged            |    86 |   110 |   447 |  1015 |   720 ||  2378
Block: Shield            |       |       |       |       |   251 ||   251
       Rpst.: Long sword |    30 |    28 |   138 |   277 |   133 ||   606
       Demon blade       |       |       |       |       |    66 ||    66

Table legend:
 A = Spawn XP
 B = Non-spawn XP
 C = Spawn XP percentage of total XP
 D = Spawn monster count
 E = Non-spawn monster count
 F = Spawn count percentage of total count
 G = Total turns spent on level
                    A         B        C        D         E        F      G
               +---------+---------+-------+---------+---------+-------+---------
         Total |       0 |  121799 |   0.0 |       0 |     659 |   0.0 | 28098
               +---------+---------+-------+---------+---------+-------+---------
           D:1 |       0 |      61 |   0.0 |       0 |      27 |   0.0 |  1002
           D:2 |       0 |      47 |   0.0 |       0 |      14 |   0.0 |   420
           D:3 |       0 |     297 |   0.0 |       0 |      12 |   0.0 |   828
           D:4 |       0 |    1830 |   0.0 |       0 |      27 |   0.0 |  1832
           D:5 |       0 |    1145 |   0.0 |       0 |      29 |   0.0 |  1936
           D:6 |       0 |     903 |   0.0 |       0 |      29 |   0.0 |  1456
           D:7 |       0 |    2086 |   0.0 |       0 |      15 |   0.0 |  1137
           D:8 |       0 |    3049 |   0.0 |       0 |      28 |   0.0 |  1395
           D:9 |       0 |    1885 |   0.0 |       0 |      23 |   0.0 |  1369
          D:10 |       0 |    4072 |   0.0 |       0 |      36 |   0.0 |   814
          D:11 |       0 |    8636 |   0.0 |       0 |      67 |   0.0 |  1597
          D:12 |       0 |    2058 |   0.0 |       0 |      27 |   0.0 |   911
          D:13 |       0 |   12587 |   0.0 |       0 |      45 |   0.0 |  2361
          D:14 |       0 |   11393 |   0.0 |       0 |      30 |   0.0 |  1859
          D:15 |       0 |   21098 |   0.0 |       0 |      59 |   0.0 |  1744
        Lair:1 |       0 |    4704 |   0.0 |       0 |      24 |   0.0 |  1199
        Lair:2 |       0 |    2659 |   0.0 |       0 |      10 |   0.0 |   995
        Lair:3 |       0 |    8515 |   0.0 |       0 |      30 |   0.0 |  1830
        Lair:4 |       0 |     408 |   0.0 |       0 |       2 |   0.0 |    30
         Orc:1 |       0 |    3785 |   0.0 |       0 |      39 |   0.0 |   728
         Orc:2 |       0 |   12045 |   0.0 |       0 |      55 |   0.0 |  1696
         Elf:1 |       0 |   18536 |   0.0 |       0 |      31 |   0.0 |   959
               +---------+---------+-------+---------+---------+-------+---------
